 Dungeon Crawl Stone Soup version 0.23-a0-171-g5ae17c6e89 (webtiles) character file.

11 Holzbalken the Chopper (level 2, -11/22 HPs)
             Began as a Demonspawn Gladiator on Sept 13, 2018.
             Was an Initiate of Qazlal.
             Mangled by a gnoll
             ... wielding a +0 halberd
              (12 damage)
             ... on level 4 of the Dungeon.
             The game lasted 00:04:06 (395 turns).

Holzbalken the Chopper (Demonspawn Gladiator)        Turns: 395, Time: 00:04:07

Health: -11/22     AC:  4    Str: 14    XL:     2   Next: 13%
Magic:  2/2        EV: 12    Int:  9    God:    Qazlal [......]
Gold:   0          SH:  0    Dex: 14    Spells: 1/1 levels left

rFire    . . .     SeeInvis .   a - +0 war axe
rCold    . . .     Gourm    .   (no shield)
rNeg     . . .     Faith    .   b - +0 leather armour
rPois    .         Spirit   .   c - +0 helmet
rElec    .         Reflect  .   (no cloak)
rCorr    .         Harm     .   (no gloves)
MR       .....                  (no boots)
Stlth    ++........             (no amulet)
HPRegen  0.07/turn              (no ring)
MPRegen  0.08/turn              (no ring)

@: no status effects
A: nightstalker 1
a: Renounce Religion


You were on level 4 of the Dungeon.
You worshipped Qazlal.
Qazlal was noncommittal.
You were not hungry.

You visited 1 branch of the dungeon, and saw 4 of its levels.

Inventory:

Hand Weapons
 a - a +0 war axe (weapon)
Missiles
 d - 3 throwing nets (quivered)
Armour
 b - a +0 leather armour (worn)
 c - a +0 helmet (worn)
Scrolls
 e - a scroll of identify {unknown}
Potions
 h - a potion of heal wounds {unknown}
Comestibles
 f - 2 rations


   Skills:
 - Level 2.0 Fighting
 + Level 3.3 Axes
 - Level 1.7 Throwing
 - Level 2.6 Dodging


You had one spell level left.
You didn't know any spells.
Your spell library was empty.

Dungeon Overview and Level Annotations

Branches:
Dungeon (4/15)
 Temple: D:4-7

Altars:
Qazlal


Innate Abilities, Weirdness & Mutations

You are slightly more attuned to the shadows.


Message History

* * * LOW HITPOINT WARNING * * *
The hound barely misses you. The hound closely misses you.
You see here a scroll labeled YPNEROATUI.
The hound bites you.
* * * LOW HITPOINT WARNING * * *
The hound closely misses you. The hound barely misses you.
The hound closely misses you. The hound bites you but does no damage.
The hound bites you.
* * * LOW HITPOINT WARNING * * *
2 gnolls come into view.
The gnoll shouts!
The hound barely misses you.
A gnoll comes into view.
The gnoll shouts!
The gnoll hits you from afar with a halberd!
Ouch! That really hurt!
You die...

##### ############
......... ........####
...w.... #.##.......#
#.#..#.## #.##.......#
........###.##.......#.
#.#...#......o.h@......
#.##<...###S##.......##
#.##.#.## #.##...gg..#
#.##.# # #.##........#
.....#.# ##SS####.....#
.......# #.o.........g.
#...##.# #.#.#.##......
....##.# #.#h#.#
.......# #.#.# #


You could see a hound, 3 gnolls, an adder and an orc.

Vanquished Creatures
  3 bats
  A giant cockroach (D:2)
  2 goblins (D:1)
  A hobgoblin (D:1)
  A kobold (D:1)
  A rat (D:1)
9 creatures vanquished.

Notes
Turn   | Place    | Note
-------+----------+-------------------------------------------
     0 | D:1      | Holzbalken the Demonspawn Gladiator began the quest for the
                  | Orb.
     0 | D:1      | Reached XP level 1. HP: 16/16 MP: 1/1
    63 | D:1      | Reached skill level 3 in Axes
   204 | D:1      | Gained mutation: You are slightly more attuned to the
                  | shadows. [demonic ancestry]
   204 | D:1      | Reached XP level 2. HP: 21/22 MP: 2/2
   226 | D:2      | Found a stormy altar of Qazlal.
   233 | D:2      | Became a worshipper of Qazlal Stormbringer
   391 | D:4      | HP: 1/22 [hound (2)]
   395 | D:4      | Mangled by a gnoll

Vault maps used:
D:1:      dpeg_arrival_boxes_within_box, minmay_tetromino_i2
D:2:      nicolae_qazlal_eye_of_the_storm, eino_tiny_chamber
D:3:      minmay_misc_feat_room, uniq_grinder
D:4:      minmay_temple_entry_glassed_door, first_ration

Skill      XL: |  1 |
---------------+----+-----
Axes           | 3 |  3.3
Fighting       | |  2.0
Throwing       | |  1.7
Dodging        | |  2.6

Action                   || total
-------------------------++-------
Melee: War axe           ||    29
Armor: Leather armour    ||    53
Dodge: Dodged            ||   104

Table legend:
 A = Non-vault XP
 B = Vault XP
 C = Vault XP percentage of total XP
 D = Non-vault monster count
 E = Vault monster count
 F = Vault count percentage of total count
                 A         B        C        D         E       F
            +---------+---------+-------+---------+---------+-------
      Total |      16 |       0 |   0.0 |       9 |       0 |   0.0
            +---------+---------+-------+---------+---------+-------
        D:1 |      13 |       0 |   0.0 |       7 |       0 |   0.0
        D:2 |       3 |       0 |   0.0 |       2 |       0 |   0.0
            +---------+---------+-------+---------+---------+-------
